 Dungeon Crawl Stone Soup version 0.23-a0-373-g305c090 (webtiles) character file.

37 Garbasso the Shield-Bearer (level 3, 0/26 HPs)
             Began as an Octopode Fighter on Oct 25, 2018.
             Slain by Terence
             ... wielding a +0 hand axe
              (5 damage)
             ... on level 2 of the Dungeon.
             The game lasted 00:04:26 (880 turns).

Garbasso the Shield-Bearer (Octopode Fighter)        Turns: 880, Time: 00:04:27

Health: 0/26       AC:  1    Str: 15    XL:     3   Next: 39%
Magic:  3/3        EV: 12    Int: 10    God:
Gold:   69         SH:  8    Dex: 12    Spells: 2/2 levels left

rFire    . . .     SeeInvis .   a - +0 long sword
rCold    . . .     Gourm    .   b - +0 shield
rNeg     . . .     Faith    .   (helmet restricted)
rPois    .         Spirit   .   (no amulet)
rElec    .         Reflect  .   (no ring)
rCorr    .         Harm     .   (no ring)
MR       .....                  (no ring)
Stlth    ++........             (no ring)
HPRegen  0.08/turn              (no ring)
MPRegen  0.08/turn              (no ring)
                                (no ring)
                                (no ring)

@: no status effects
A: almost no armour, stealthy swim, amphibious, 8 rings, constrict 8, camouflage
1, gelatinous body 1
a: no special abilities


You were on level 2 of the Dungeon.
You were not hungry.

You visited 1 branch of the dungeon, and saw 2 of its levels.

You collected 69 gold pieces.

Inventory:

Hand Weapons
 a - a +0 long sword (weapon)
Missiles
 f - 16 poisoned needles
 j - 34 stones (quivered)
Armour
 b - a +0 shield (worn)
Scrolls
 e - 2 scrolls of identify {unknown}
 h - 2 scrolls of remove curse {unknown}
 i - a scroll of teleportation {unknown}
 l - a scroll of amnesia {unknown}
 m - a scroll of enchant armour {unknown}
Potions
 c - a potion of might
 k - a potion of agility {unknown}
Comestibles
 d - a ration
 g - 5 chunks of flesh


   Skills:
 - Level 3.1 Fighting
 * Level 2.8 Long Blades
 + Level 3.3 Dodging
 + Level 3.3 Shields


You had 2 spell levels left.
You didn't know any spells.
Your spell library was empty.

Dungeon Overview and Level Annotations

Branches:
Dungeon (2/15)

Altars:

Annotations:
D:2 Terence


Innate Abilities, Weirdness & Mutations

You cannot wear most types of armour.
You are very stealthy in the water. (Stealth+)
You are amphibious.
You can wear up to eight rings at the same time.
You can use your tentacles to constrict eight enemies at once.
Your skin changes colour to match your surroundings (Stealth+).
Your rubbery body absorbs attacks. (AC +1, EV +1)


Message History

m - a scroll labeled WICO TOLIG
Found 9 gold pieces.
Found 18 gold pieces.
A quokka comes into view.
Found a scroll labeled DYAKLA VUJ ANK.
A rat and Terence come into view.
You slash the quokka!
You kill the quokka!
Terence shouts!
Terence zaps a wand.
The puff of flame hits you!
Some of the chunks of flesh in your inventory have rotted away.
Terence zaps a wand.
The puff of flame hits you!
You barely miss Terence. You grab Terence. Your squeeze misses Terence.
You constrict Terence, but do no damage.
Terence hits you with a +0 hand axe!
* * * LOW HITPOINT WARNING * * *
You hit Terence.
Terence is lightly wounded.
You constrict Terence. Terence hits you with a +0 hand axe.
You die...

........... #.........
#......... ....... #.....?.
..#...## #.
.######.##.%.###.....#
...........@.....# .#
..........##@##### .#
........@.##.### ##.#
r..............# #..
....$.(........## #.#
................###.#
...............###..#####
...$....................#####
###..##.####....#..#........#
#.# #.##..................#


You could see Terence.

Vanquished Creatures
  2 oozes (D:1)
  2 dart slugs (D:1)
  2 bats (D:1)
  A giant cockroach (D:1)
  3 hobgoblins (D:1)
  3 jackals (D:1)
  A quokka (D:2)
  A ball python (D:1)
  A frilled lizard (D:1)
  3 goblins
  A kobold (D:1)
  4 rats (D:1)
24 creatures vanquished.

Notes
Turn   | Place    | Note
-------+----------+-------------------------------------------
     0 | D:1      | Garbasso the Octopode Fighter began the quest for the Orb.
     0 | D:1      | Reached XP level 1. HP: 16/16 MP: 1/1
    39 | D:1      | Reached XP level 2. HP: 18/21 MP: 2/2
   385 | D:1      | Reached XP level 3. HP: 18/26 MP: 3/3
   860 | D:2      | Noticed Terence
   880 | D:2      | Slain by Terence

Vault maps used:
D:1:      tarquinn_simple_flora_water_a
D:2:      first_ration, uniq_terence, uniq_natasha

Action                   || total
-------------------------++-------
Melee: Long sword        ||    37
       Constrict         ||    15
       Tentacles         ||    10
Throw: Stone             ||     3
 Stab: Sleeping          ||     1
Armor: Skin              ||     2
Dodge: Dodged            ||    16
Block: Shield            ||    13
       Rpst.: Long sword ||     5

Table legend:
 A = Non-vault XP
 B = Vault XP
 C = Vault XP percentage of total XP
 D = Non-vault monster count
 E = Vault monster count
 F = Vault count percentage of total count
                 A         B        C        D         E       F
            +---------+---------+-------+---------+---------+-------
      Total |      53 |       0 |   0.0 |      24 |       0 |   0.0
            +---------+---------+-------+---------+---------+-------
        D:1 |      49 |       0 |   0.0 |      22 |       0 |   0.0
        D:2 |       4 |       0 |   0.0 |       2 |       0 |   0.0
            +---------+---------+-------+---------+---------+-------
